 Dungeon Crawl Stone Soup version 0.29.0-4-gdea44cf6ec (webtiles) character file.

Game seed: 7980713858476226490

57 qw the Chopper (level 4, -1/23 (26) HPs)
             Began as a Tengu Warper on Aug 28, 2022.
             Slain by Natasha (8 damage)
             ... on level 2 of the Dungeon.
             The game lasted 00:00:07 (819 turns).

qw the Chopper (Tengu Warper)                        Turns: 819, Time: 00:00:08

HP:   -1/23 (26)    AC:  8    Str: 13    XL:     4   Next: 0%
MP:   8/8           EV:  6    Int: 14    God:
Gold: 91            SH:  0    Dex: 13    Spells: 7/7 levels left

rFire   . . .      SeeInvis .   a - +0 hand axe
rCold   . . .      Faith    .   (no shield)
rNeg    . . .      Spirit   .   e - +0 chain mail
rPois   .          Reflect  .   (helmet restricted)
rElec   .          Harm     .   (no cloak)
rCorr   .          Rampage  .   (no gloves)
Will    .....                   (boots unavailable)
Stlth   ..........              (no amulet)
HPRegen 0.07/turn               (no ring)
MPRegen 0.11/turn               (no ring)

@: heavily drained
A: beak, talons 3
a: no special abilities


You were on level 2 of the Dungeon.
You visited 1 branch of the dungeon, and saw 2 of its levels.

You collected 91 gold pieces.


Innate Abilities, Weirdness & Mutations

You have a beak for a mouth.
You have claws for feet.


   Skills:
 - Level 2.0 Fighting
 + Level 4.5 Axes
 - Level 1.0 Throwing
 - Level 1.1 Armour
 - Level 2.1 Dodging
 - Level 2.0 Spellcasting
 - Level 2.4 Translocations


You had 7 spell levels left.
You didn't know any spells.
Your spell library contained the following spells:

 Spells                   Type           Power      Damage    Failure   Level
 Blink                    Tloc           16%        N/A       99%         2
 Gell's Gravitas          Tloc           8%         N/A       100%        3
 Lesser Beckoning         Tloc           8%         N/A       100%        3
 Teleport Other           Tloc           8%         N/A       100%        3
 Manifold Assault         Tloc           8%         N/A       100%        5

Inventory:

Hand Weapons
 a - a +0 hand axe (weapon)
 d - a +0 club
Armour
 e - a +0 chain mail (worn)
Jewellery
 g - a ring of fire
Potions
 b - a potion of berserk rage {unknown}
 c - a potion of attraction {unknown}
 f - a potion of brilliance {unknown}

Dungeon Overview and Level Annotations

Branches:
Dungeon (2/15)

Altars:
The Shining One

Annotations:
D:2 Natasha


Message History

Robin is heavily wounded.
You closely miss the goblin. You barely miss the goblin.
The goblin hits you but does no damage. x2; Robin throws the goblin at you!
The grasping roots constrict you.
Natasha, Servant of Life and Death comes into view.
The grasping roots release their grip on you.
You hit Robin. Your kick misses Robin. You peck Robin, but do no damage.
Robin is almost dead.
You completely miss the goblin. You hit the goblin.
You kill the goblin!
You hit the goblin. Robin throws the goblin at you!
The goblin hits you with a +0 club. The goblin hits you but does no damage.
You closely miss Robin. Your peck misses Robin.
Robin is almost dead.
You miss the goblin. You hit the goblin.
Natasha stares at you and mumbles some strange words.
You resist with significant effort. The goblin hits you but does no damage.
Robin hits you but does no damage.
You feel drained. The goblin hits you but does no damage.
You hit Robin but do no damage. You claw Robin.
You kill Robin!
You barely miss the goblin. You hit the goblin.
You kill the goblin!
The goblin hits you with a +0 club.
You closely miss the goblin. Your peck misses the goblin.
The goblin is moderately wounded.
The goblin hits you but does no damage.
Natasha extends her claws.
Natasha barely misses you.
You hit the goblin.
You kill the goblin!
You hit Natasha. Natasha casts a spell at you.
You resist with significant effort.
You have reached level 4!
You feel clever.
You hit Natasha. You peck Natasha.
Natasha is severely wounded.
Natasha claws you!
You die...

...#.#####.###.....
#....# #.# .....
#####....# ##.# ..<..
###......[.###..####....
....#...................
.###..#..[.....#########
....!.......#.##
......)))).##.#
......h@)#.##.#
......)....##.#
...............
....######.##.# #.#.
.#..# #.. .# .


You could see Natasha.

Vanquished Creatures
  Robin (D:2)
  2 bats (D:1)
  2 endoplasms (D:1)
  2 giant cockroaches
  13 goblins
  5 hobgoblins
  2 jackals (D:1)
  3 quokkas
  A ball python (D:2)
  3 kobolds (D:1)
  6 rats
40 creatures vanquished.

Notes
Turn   | Place    | Note
-------+----------+-------------------------------------------
     0 | D:1      | qw the Tengu Warper began the quest for the Orb.
     0 | D:1      | Reached XP level 1. HP: 12/12 MP: 4/4
     0 | D:1      | 0 ||| qw: Version: 0.1-a-89-g26bdef1
     0 | D:1      | 0 ||| qw: Game counter: 1895
     0 | D:1      | 0 ||| qw: Always use a shield: true
     0 | D:1      | 0 ||| qw: God list: Okawaru
     0 | D:1      | 0 ||| qw: Allow faded altars: false
     0 | D:1      | 0 ||| qw: Do Orc after D:15 true
     0 | D:1      | 0 ||| qw: Do second Lair branch before Depths: true
     0 | D:1      | 0 ||| qw: Lair rune preference: random
     0 | D:1      | 0 ||| qw: Plans: Normal
     0 | D:1      | 0 ||| PLANNING D:1-11
   219 | D:1      | Reached XP level 2. HP: 17/17 MP: 6/6
   223 | D:1      | Reached skill level 3 in Axes
   283 | D:1      | 283 ||| Stepping ~*~*~tactically~*~*~ (stealth).
   285 | D:1      | 285 ||| Stepping ~*~*~tactically~*~*~ (stealth).
   299 | D:1      | 299 ||| Stepping ~*~*~tactically~*~*~ (stealth).
   307 | D:1      | 307 ||| Stepping ~*~*~tactically~*~*~ (stealth).
   337 | D:1      | 337 ||| Stepping ~*~*~tactically~*~*~ (stealth).
   441 | D:1      | Reached XP level 3. HP: 15/21 MP: 7/7
   710 | D:1      | 710 ||| UPGRADING to +0 chain mail.
   720 | D:1      | 720 ||| DROPPING +0 leather armour.
   721 | D:1      | 721 ||| DROPPING scroll of blinking.
   769 | D:2      | Found a glowing golden altar of the Shining One.
   773 | D:2      | 773 ||| Stepping ~*~*~tactically~*~*~ (stealth).
   774 | D:2      | 774 ||| Stepping ~*~*~tactically~*~*~ (stealth).
   775 | D:2      | 775 ||| Stepping ~*~*~tactically~*~*~ (stealth).
   776 | D:2      | 776 ||| Stepping ~*~*~tactically~*~*~ (stealth).
   777 | D:2      | 777 ||| Stepping ~*~*~tactically~*~*~ (stealth).
   784 | D:2      | Reached skill level 4 in Axes
   794 | D:2      | 794 ||| Stepping ~*~*~tactically~*~*~ (stealth).
   802 | D:2      | Noticed Robin
   813 | D:2      | Noticed Natasha
   816 | D:2      | Killed Robin
   819 | D:2      | Reached XP level 4. HP: 7/23 MP: 8/8
   819 | D:2      | Slain by Natasha

Levels and vault maps discovered:
D:1:      dpeg_arrival_short_road, layout_rooms
D:2:      layout_rooms, basic_altar, uniq_robin, uniq_natasha

Skill      XL: |  1  2  3 |
---------------+----------+-----
Axes           | 3 4 |  4.5
Fighting       | |  2.0
Throwing       | |  1.0
Armour         | |  1.1
Dodging        | |  2.1
Spellcasting   | |  2.0
Translocations | |  2.4

Action                   |  1- 3 |  4- 6 || total
-------------------------+-------+-------++-------
Melee: Hand axe          |    73 |     1 ||    74
       Peck              |    10 |     1 ||    11
       Kick              |    15 |       ||    15
       Punch             |     1 |       ||     1
Throw: Boomerang         |     7 |       ||     7
Armor: Leather armour    |    12 |       ||    12
       Chain mail        |    24 |       ||    24
Dodge: Dodged            |    27 |       ||    27

Table legend:
 A = Non-vault XP
 B = Vault XP
 C = Vault XP percentage of total XP
 D = Non-vault monster count
 E = Vault monster count
 F = Vault count percentage of total count
                 A         B        C        D         E       F
            +---------+---------+-------+---------+---------+-------
      Total |      48 |      34 |  41.5 |      29 |      11 |  27.5
            +---------+---------+-------+---------+---------+-------
        D:1 |      40 |       0 |   0.0 |      24 |       0 |   0.0
        D:2 |       8 |      34 |  81.0 |       5 |      11 |  68.8
            +---------+---------+-------+---------+---------+-------
